 Dungeon Crawl Stone Soup version 0.27.1 (webtiles) character file.

Game seed: 3839074600599810999

15 hawla the Sneak (level 2, -8/18 HPs)
             Began as a Deep Elf Delver on Aug 26, 2021.
             Mangled by a goblin (19 damage)
             ... on level 3 of the Dungeon.
             The game lasted 00:01:58 (565 turns).

hawla the Sneak (Deep Elf Delver)                    Turns: 565, Time: 00:01:59

Health: -8/18      AC:  3    Str:  9    XL:     2   Next: 34%
Magic:  4/4        EV: 12    Int: 14    God:
Gold:   58         SH:  0    Dex: 16    Spells: 1/1 levels left

rFire    . . .     SeeInvis .   i - +2 dagger (holy)
rCold    . . .     Faith    .   (no shield)
rNeg     . . .     Spirit   .   b - +0 leather armour
rPois    .         Reflect  .   (no helmet)
rElec    .         Harm     .   (no cloak)
rCorr    .         Rampage  .   (no gloves)
Will     .....                  (no boots)
Stlth    +++.......             (no amulet)
HPRegen  0.06/turn              (no ring)
MPRegen  0.09/turn              (no ring)

@: no status effects
A: no striking features
a: no special abilities


You were on level 3 of the Dungeon.
You visited 1 branch of the dungeon, and saw 3 of its levels.

You collected 58 gold pieces.

Inventory:

Hand Weapons
 i - a +2 dagger of holy wrath (weapon)
Armour
 b - a +0 leather armour (worn)
Wands
 g - a wand of digging (3)
Scrolls
 c - a scroll of fog
 d - 2 scrolls of magic mapping
 e - a scroll of fear
 h - 2 scrolls of identify {unknown}
Potions
 f - a potion of haste


   Skills:
 + Level 2.5 Fighting
 + Level 2.2 Short Blades
 + Level 2.4 Dodging
 + Level 6.5 Stealth


You had one spell level left.
You didn't know any spells.
Your spell library was empty.

Dungeon Overview and Level Annotations

Branches:
Dungeon (5/15)
 Temple: D:4-7

Altars:

Shops:
D:4 *   D:5 ?


Message History

The giant cockroach is moderately wounded.
The giant cockroach misses you.
You barely miss the giant cockroach.
The giant cockroach is moderately wounded.
The hobgoblin shouts!
The giant cockroach closely misses you.
You barely miss the giant cockroach.
The giant cockroach is moderately wounded.
The giant cockroach misses you.
A goblin comes into view.
It is wielding a +0 dagger of electrocution.
You closely miss the giant cockroach.
The giant cockroach is moderately wounded.
The giant cockroach bites you.
The goblin shouts!
You hit the giant cockroach.
The giant cockroach is heavily wounded.
The giant cockroach bites you but does no damage.
You hit the giant cockroach.
The giant cockroach is severely wounded.
The giant cockroach closely misses you.
You hit the giant cockroach but do no damage.
The giant cockroach is severely wounded.
The giant cockroach barely misses you.
You hit the giant cockroach but do no damage.
The giant cockroach is heavily wounded.
The giant cockroach barely misses you.
You hit the giant cockroach but do no damage.
The giant cockroach is heavily wounded.
The giant cockroach barely misses you. The hobgoblin closely misses you.
You hit the giant cockroach.
You kill the giant cockroach!
The hobgoblin barely misses you.
You hit the goblin but do no damage. The goblin completely misses you.
The hobgoblin closely misses you.
You barely miss the goblin. The goblin misses you.
You barely miss the goblin. The hobgoblin closely misses you.
The goblin hits you with a +0 dagger of electrocution.
You are electrocuted!!
Ouch! That really hurt!
You die...

#.......# #..#..#
#.......#####.#..#
#.............#..#
#.............#..#
#####.........#..#
#............#
#....)...#...#
#######........#...#
......g@#####......#####
......g.# #.....).....
........# #......#####
......... ........>#
#.......# ###....###
#(.!....# #....#
#.......# #....#
#.......# ######


You could see a hobgoblin and a goblin.

Vanquished Creatures
  An adder zombie (D:5)
  A dart slug (D:4)
  An orc (D:4)
  2 giant cockroaches (D:3)
  A goblin (D:3)
  A hobgoblin (D:3)
  A kobold (D:3)
8 creatures vanquished.

Notes
Turn   | Place    | Note
-------+----------+-------------------------------------------
     0 | D:5      | hawla the Deep Elf Delver began the quest for the Orb.
     0 | D:5      | Reached XP level 1. HP: 13/13 MP: 3/3
   251 | D:5      | Found Usted's Magic Scroll Boutique.
   326 | D:4      | Reached XP level 2. HP: 18/18 MP: 4/4
   351 | D:4      | Found Modov's Assorted Antiques.
   565 | D:3      | Mangled by a goblin

Illustrated notes

Levels and vault maps discovered:
D:3:      layout_basic, grunt_temple_overflow_open
D:4:      layout_gridville, mainiacjoe_overflow_small_starburst, serial_shops,
          nicolae_shop_behind_doors, minmay_misc_feat_nine_boxes, st_stairs_6
D:5:      layout_loops_corners, serial_shops, shop

Action                   || total
-------------------------++-------
Melee: Short sword       ||    10
       Dagger            ||    20
  Use: Potion            ||     1
 Stab: Sleeping          ||     3
Armor: Leather armour    ||     5
Dodge: Dodged            ||    20
